 Dungeon Crawl Stone Soup version 0.32-a0-132-g2d33c3cfaf (webtiles) character file.

Game seed: 14122586045928757976

749 hikkokomori the Ruffian (level 7, -5/67 HPs)
             Began as a Troll Fighter on Feb 9, 2024.
             Slain by a gnoll
             ... wielding a +0 halberd
             ... led by a gnoll bouda
              (10 damage)
             ... on level 5 of the Dungeon.
             The game lasted 00:04:51 (2959 turns).

hikkokomori the Ruffian (Troll Fighter)             Turns: 2959, Time: 00:04:52

Health: -5/67      AC:  4    Str: 25    XL:     7   Next: 48%
Magic:  6/6        EV:  5    Int:  4    God:
Gold:   187        SH:  0    Dex: 11    Spells: 6/6 levels left

rFire   . .          .
                       - Unarmed
rCold   . . .        b - +0 kite shield
rNeg    . . .        a - +0 robe
rPois   .            (helmet restricted)
rElec   .            (no cloak)
rCorr   .            (gloves unavailable)
SInv    .            (boots unavailable)
Will    .....        (no amulet)
Stlth   +            (no ring)
HPRegen 1.11/turn    (no ring)
MPRegen 0.10/turn

%: no passive effects
@: held
A: large, unfitting armour, claws 3, regeneration 1, shaggy fur 1, tough skin 1
a: no special abilities


You were on level 5 of the Dungeon.
You visited 1 branch of the dungeon, and saw 5 of its levels.

You collected 187 gold pieces.

Inventory:

Missiles
 e - 4 boomerangs (quivered)
 o - 5 large rocks
 s - 16 poisoned darts
 t - 2 javelins
 w - a throwing net
Armour
 a - a +0 robe (worn)
 b - a +0 kite shield (worn)
Scrolls
 d - 7 scrolls of identify {unknown}
 g - a scroll of torment {unknown}
 i - 2 scrolls of enchant armour {unknown}
 k - a scroll of poison {unknown}
 m - a scroll of blinking {unknown}
 n - a scroll of enchant weapon {unknown}
 q - a scroll of amnesia {unknown}
 r - 2 scrolls of teleportation
 u - a scroll of silence {unknown}
 v - a scroll of immolation {unknown}
Potions
 c - 2 potions of might
 f - 2 potions of enlightenment {unknown}
 h - 2 potions of magic {unknown}
 j - 4 potions of curing {unknown}
 l - a potion of cancellation {unknown}
 p - a potion of attraction {unknown}


   Skills:
 - Level 3.0 Fighting
 + Level 3.4 Throwing
 - Level 4.0 Dodging
 - Level 3.0 Shields
 - Level 6.0 Unarmed Combat


You had 6 spell levels left.
You didn't know any spells.
Your spell library contained the following spells:

 Spells                   Type           Power      Damage    Failure   Level
 Dazzling Flash           Conj/Hex       0%         N/A       98%         3
 Hailstorm                Conj/Ice       0%         3d5       98%         3
 Inner Flame              Hex/Fire       0%         N/A       98%         3
 Summon Ice Beast         Ice/Summ       0%         N/A       98%         3
 Volatile Blastmotes      Fire/Tloc      0%         2d10      98%         3
 Irradiate                Conj/Alch      0%         3d11      100%        5
 Sculpt Simulacrum        Ice/Alch       0%         N/A       100%        6
 Starburst                Conj/Fire      0%         6d3       100%        6
 Ignition                 Fire           0%         3d3       100%        8
 Maxwell's Capacitive Co  Air            0%         ∞         100%        8


Dungeon Overview and Level Annotations

Branches:
Dungeon (5/15)
 Temple: D:4-7

Altars:
Elyvilon
Fedhas
Gozag
Uskayaw
Vehumet
Zin
The Shining One

Shops:
D:1 (


Innate Abilities, Weirdness & Mutations

You are too large for most types of armour.
You have claws for hands.
Your natural rate of healing is unusually fast.
You are covered in fur. (AC +1)
You have tough skin. (AC +1)


Message History

You block the gnoll's attack.
You are too injured to fight recklessly!
You are too injured to fight recklessly!
You are too injured to fight recklessly!
You are too injured to fight recklessly!
You are too injured to fight recklessly!
You are too injured to fight recklessly!
You are too injured to fight recklessly!
You are too injured to fight recklessly!
You are too injured to fight recklessly!
You are too injured to fight recklessly!
You are too injured to fight recklessly!
You are too injured to fight recklessly!
Unknown command.
The gnoll attacks as it pursues you! You block the gnoll's attack. x2
You see here a throwing net.
w - a throwing net The gnoll hits you but does no damage.
The gnoll hits you from afar with a +0 halberd.
The gnoll hits you with a +0 club. The gnoll hits you with a +0 whip.
The gnoll throws a throwing net.
The throwing net hits you.
You become entangled in the net!
The gnoll hits you from afar with a +0 halberd.
You see here a throwing net.
You struggle against the net.
The gnoll hits you with a +0 whip!
The gnoll hits you from afar with a +0 halberd!
You struggle against the net.
The gnoll barely misses you. The gnoll hits you with a +0 whip.
* * * LOW HITPOINT WARNING * * *
The gnoll hits you from afar with a +0 halberd!
* * * LOW HITPOINT WARNING * * *
You are too injured to fight recklessly!
Unknown command.
Unknown command.
You tear a large gash into the net.
The gnoll hits you with a +0 club.
* * * LOW HITPOINT WARNING * * *
The gnoll hits you with a +0 whip.
* * * LOW HITPOINT WARNING * * *
The gnoll hits you from afar with a +0 halberd!
You die...

.#...................
....................
#.......?...........
#...................
#...................
#.##..................
#...<..g..............
#######g)..............
#.(..)@g#......).......
#.########.............
#. #............. #.
#.#........... #.
#.#........... #. #
#.#........# #.
#.#...###### ## #.#...#
## #.#...# #.


You could see 3 gnolls.

Vanquished Creatures
  Sigmund (D:2)
  A scorpion (D:4)
  2 bombardier beetles
  3 hounds (D:5)
  A jelly (D:3)
  A gnoll bouda (D:5)
  An orc priest (D:3)
  Terence (D:2)
  An iguana (D:4)
  An orc wizard (D:3)
  4 adders
  4 gnolls
  A white imp (D:5)
  4 ribbon worms
  A dart slug (D:1)
  6 orcs
  5 bats
  15 endoplasms
  8 giant cockroaches
  7 goblins
  4 hobgoblins
  8 jackals (D:1)
  11 kobolds
  5 quokkas
  6 ball pythons
  3 frilled lizards
  5 rats
110 creatures vanquished.

Notes
Turn   | Place    | Note
-------+----------+-------------------------------------------
     0 | D:1      | hikkokomori the Troll Fighter began the quest for the Orb.
     0 | D:1      | Reached XP level 1. HP: 22/22 MP: 0/0
    56 | D:1      | Reached XP level 2. HP: 29/29 MP: 1/1
    84 | D:1      | Found Japis's Weapon Boutique.
   436 | D:1      | Reached XP level 3. HP: 31/36 MP: 2/2
   817 | D:2      | Noticed Terence
   822 | D:2      | Killed Terence
   823 | D:2      | Reached skill level 3 in Unarmed Combat
   823 | D:2      | Reached XP level 4. HP: 45/45 MP: 3/3
   871 | D:2      | Noticed Sigmund
   881 | D:2      | Killed Sigmund
   882 | D:2      | Reached skill level 4 in Unarmed Combat
   882 | D:2      | Reached XP level 5. HP: 49/53 MP: 4/4
  1168 | D:3      | Reached XP level 6. HP: 61/61 MP: 5/5
  1557 | D:3      | Reached skill level 5 in Unarmed Combat
  1624 | D:3      | Found a white marble altar of Elyvilon.
  1624 | D:3      | Found a glowing silver altar of Zin.
  1624 | D:3      | Found a blossoming altar of Fedhas.
  1624 | D:3      | Found a glowing golden altar of the Shining One.
  1624 | D:3      | Found a radiant altar of Vehumet.
  1624 | D:3      | Found an opulent altar of Gozag.
  2145 | D:4      | Reached skill level 1 in Throwing
  2154 | D:4      | Found a hide-covered altar of Uskayaw.
  2240 | D:4      | Found a radiant altar of Vehumet.
  2456 | D:4      | Reached XP level 7. HP: 67/67 MP: 6/6
  2774 | D:5      | Entered Level 5 of the Dungeon
  2875 | D:5      | Reached skill level 6 in Unarmed Combat
  2959 | D:5      | Slain by a gnoll

Illustrated notes

Levels and vault maps discovered:
D:1:      mainiacjoe_arrival_reflecting_pool, layout_basic, serial_shops,
          nicolae_shop_waterfront, dreamdust_princess_corridor,
          hex_intersection, grunt_decor_resistance, nicolae_figureground_pulse
D:2:      layout_rooms, uniq_terence, uniq_sigmund
D:3:      cheibrodos_fertilizer, layout_loops_ring, kennysheep_generic_room_2
D:4:      layout_basic, eat_drink_and_be_merry_uskayaw,
          nicolae_vehumet_radiance, roderic_roman_lattice,
          kennysheep_generic_room_11
D:5:      layout_basic, palyth_stone_intersect

Skill      XL: |  1  2  3  4  5  6  7 |
---------------+----------------------+-----
Shields        | 3 |  3.0
Fighting       | 3 |  3.0
Dodging        | 3 4 |  4.0
Unarmed Combat | 3 4 5 6 |  6.0
Throwing       | 1 3 |  3.4

Action                     |  1- 3 |  4- 6 |  7- 9 || total
---------------------------+-------+-------+-------++-------
  Melee: Unarmed           |   111 |   137 |    33 ||   281
  Throw: Boomerang         |       |     4 |       ||     4
    Use: Scroll            |       |       |     1 ||     1
   Stab: Sleeping          |     1 |     2 |       ||     3
 Armour: Robe              |    87 |    69 |    35 ||   191
  Dodge: Dodged            |    62 |    33 |    13 ||   108
  Block: Kite shield       |    71 |    34 |    17 ||   122

Table legend: (Time is in decaauts)
 A = Elapsed time spent in this place.
 B = Non-inter-level travel time spent in this place.
 C = Inter-level travel time spent in this place.
 D = Time resting spent in this place.
 E = Time spent auto-exploring this place.
 F = Levels seen in this place.
 G = Mean time per level.
                   A        B        C        D        E       F      G
               +--------+--------+--------+--------+--------+-----+--------+
         Total |   2973 |   2858 |    115 |      4 |   2209 |   5 |  594.6 |
       Dungeon |   2973 |   2858 |    115 |      4 |   2209 |   5 |  594.6 |
               +--------+--------+--------+--------+--------+-----+--------+

Top non-repeatable levels by time:
     D:3: 963 daAuts
     D:1: 733 daAuts
     D:4: 656 daAuts
     D:2: 434 daAuts
     D:5: 185 daAuts
